 Dungeon Crawl Stone Soup version 0.22-a0-565-gfc6459a (webtiles) character file.

61 galech the Skirmisher (level 4, -9/49 HPs)
             Began as an Ogre Berserker on June 28, 2018.
             Was a Believer of Trog.
             Mangled by Sigmund
             ... wielding a +0 scythe
              (11 damage)
             ... on level 2 of the Dungeon.
             The game lasted 00:01:46 (1312 turns).

galech the Skirmisher (Ogre Berserker)              Turns: 1312, Time: 00:01:47

Health: -9/49      AC:  3    Str: 22    XL:     4   Next: 7%
Magic:  4/4        EV: 10    Int:  8    God:    Trog [**....]
Gold:   158        SH:  0    Dex:  8    Spells: 3/3 levels left

rFire    . . .     SeeInvis .   a - +0 mace
rCold    . . .     Gourm    .   (no shield)
rNeg     . . .     Faith    .   b - +0 animal skin
rPois    .         Spirit   .   (helmet restricted)
rElec    .         Reflect  .   (no cloak)
rCorr    .         Harm     .   (gloves unavailable)
MR       .....                  (boots unavailable)
Stlth    +.........             (no amulet)
HPRegen  0.16/turn              (no ring)
MPRegen  0.09/turn              (no ring)

@: berserk cooldown
A: large, unfitting armour, tough skin 1
a: Berserk, Trog's Hand, Renounce Religion


You were on level 2 of the Dungeon.
You worshipped Trog.
Trog was pleased with you.
You were very hungry.

You visited 1 branch of the dungeon, and saw 2 of its levels.

You collected 158 gold pieces.

Inventory:

Hand Weapons
 a - a +0 mace (weapon)
Armour
 b - a +0 animal skin (worn)
Potions
 d - a potion of degeneration {unknown}
 e - a potion of brilliance {unknown}
 f - a potion of resistance {unknown}
 h - a potion of haste {unknown}
 i - a potion of invisibility {unknown}
 j - a potion of might {unknown}
Comestibles
 c - 3 rations
 g - a chunk of flesh


   Skills:
 + Level 4.7 Fighting
 + Level 3.5 Maces & Flails
 + Level 3.2 Dodging


You had 3 spell levels left.
You didn't know any spells.
Your spell library was empty.

Dungeon Overview and Level Annotations

Branches:
Dungeon (2/15)

Altars:
Ashenzari

Annotations:
D:2 Sigmund


Innate Abilities, Weirdness & Mutations

You are too large for most types of armour.
You have tough skin. (AC +1)


Message History

You see here a jackal corpse.
Something hits you but does no damage.
You see here a jackal corpse.
You see here a club.
You hear some strange, mumbled words.
You are confused.
You bump into the rock wall.
You hear some strange, mumbled words.
You are more confused.
Something hits you!
* * * LOW HITPOINT WARNING * * *
You bump into the rock wall.
Something completely misses you.
You bump into the rock wall.
Something hits you.
* * * LOW HITPOINT WARNING * * *
You bump into the rock wall.
Something hits you.
* * * LOW HITPOINT WARNING * * *
You feel yourself speed up.
You feel less confused.
There is a stone staircase leading up here.
Something hits you!
You die...

... #.###.#.# #.. #....
#.# #.##.#.# #.#
###....#.# #.# #
.........# #.# .#
###......###.######.#
....###..††)........#.#
### ######..........#
###..@...## #.###..#
#.# #..# #.# #..#
#.###..# #......#
#..##.#######
#..##.......#
#..########.#


There were no monsters in sight!

Vanquished Creatures
  An adder (D:2)
  2 dart slugs
  A leopard gecko (D:2)
  2 ball pythons
  6 goblins (D:1)
  7 hobgoblins
  4 jackals (D:2)
  4 bats
  4 frilled lizards
  9 kobolds
  7 rats
47 creatures vanquished.

Notes
Turn   | Place    | Note
-------+----------+-------------------------------------------
     0 | D:1      | galech the Ogre Berserker began the quest for the Orb.
     0 | D:1      | Reached XP level 1. HP: 24/24 MP: 1/1
   121 | D:1      | Reached XP level 2. HP: 25/32 MP: 2/2
   481 | D:1      | Reached XP level 3. HP: 36/40 MP: 3/3
   783 | D:1      | Reached ** piety under Trog
  1178 | D:2      | Found a shattered altar of Ashenzari.
  1287 | D:2      | Reached XP level 4. HP: 49/49 MP: 4/4
  1288 | D:2      | Noticed Sigmund
  1308 | D:2      | HP: 2/49 [something (6)]
  1312 | D:2      | Mangled by Sigmund

Vault maps used:
D:1:      shiori_arrival_maze
D:2:      ashenzari_conservatory_becter, kennysheep_nondescript, uniq_sigmund

Skill      XL: |  1  2 |
---------------+-------+-----
Maces & Flails | 3 |  3.5
Dodging        | 3 |  3.2
Fighting       | |  4.7

Action                   |  1- 3 |  4- 6 || total
-------------------------+-------+-------++-------
Melee: Mace              |    95 |     3 ||    98
Invok: Berserk           |     2 |       ||     2
  Eat: Chunk             |     2 |       ||     2
Armor: Animal skin       |    19 |     2 ||    21
Dodge: Dodged            |    56 |     7 ||    63

Table legend:
 A = Spawn XP
 B = Non-spawn XP
 C = Spawn XP percentage of total XP
 D = Spawn monster count
 E = Non-spawn monster count
 F = Spawn count percentage of total count
 G = Total turns spent on level
                    A         B        C        D         E        F      G
               +---------+---------+-------+---------+---------+-------+---------
         Total |       0 |      88 |   0.0 |       0 |      47 |   0.0 |  1312
               +---------+---------+-------+---------+---------+-------+---------
           D:1 |       0 |      51 |   0.0 |       0 |      33 |   0.0 |   908
           D:2 |       0 |      37 |   0.0 |       0 |      14 |   0.0 |   404
               +---------+---------+-------+---------+---------+-------+---------
